 Dungeon Crawl Stone Soup version 0.29.1-1-gd02db6906a (webtiles) character file.

Game seed: 14353839891710625794

249 raincastle the Schismatic (level 5, -18/42 HPs)
             Began as a Demonspawn Abyssal Knight on Sept 15, 2022.
             Was an Elder of Lugonu.
             Demolished by an ogre
             ... wielding a +0 giant club
              (24 damage)
             ... on level 4 of the Dungeon.
             The game lasted 00:14:51 (5134 turns).

raincastle the Schismatic (DsAK)                    Turns: 5134, Time: 00:14:52

Health: -18/42     AC: 10    Str: 15    XL:     5   Next: 87%
Magic:  8/8        EV:  7    Int: 12    God:    Lugonu [****..]
Gold:   160        SH:  0    Dex: 13    Spells: 4/4 levels left

rFire   . . .      SeeInvis .   a - +1 hand axe
rCold   . . .      Faith    .   (no shield)
rNeg    . . .      Spirit   .   p - +0 chain mail
rPois   .          Reflect  .   (no helmet)
rElec   .          Harm     .   (no cloak)
rCorr   .          Rampage  .   (no gloves)
Will    .....                   (no boots)
Stlth   ..........              (no amulet)
HPRegen 0.14/turn               (no ring)
MPRegen 0.11/turn               (no ring)

@: no status effects
A: thin metallic scales 1, powered by death 1
a: Renounce Religion, Depart the Abyss, Bend Space, Banish, Corrupt


You were on level 4 of the Dungeon.
You worshipped Lugonu.
Lugonu was greatly pleased with you.
You visited 1 branch of the dungeon, and saw 4 of its levels.
You visited the Abyss 1 time.

You collected 160 gold pieces.

Inventory:

Hand Weapons
 a - a +1 hand axe (weapon)
Missiles
 d - 6 atropa-tipped darts
 e - 7 curare-tipped darts
 m - 6 poisoned darts
Armour
 b - a +0 leather armour
 h - a +1 cloak
 p - a +0 chain mail (worn)
Jewellery
 g - a ring of willpower
Scrolls
 c - a scroll of identify {unknown}
 f - 6 scrolls of enchant weapon {unknown}
 i - a scroll of teleportation {unknown}
 k - a scroll of brand weapon {unknown}
 l - 2 scrolls of magic mapping {unknown}
 r - 2 scrolls of butterflies {unknown}
Potions
 j - a potion of curing {unknown}
 n - a potion of resistance {unknown}
 o - a potion of degeneration {unknown}
 q - a potion of haste {unknown}
 s - a potion of heal wounds {unknown}


   Skills:
 + Level 3.9 Fighting
 + Level 3.4 Axes
 + Level 2.3 Armour
 + Level 2.0 Dodging
 + Level 0.7 Stealth
 * Level 4.4 Invocations


You had 4 spell levels left.
You didn't know any spells.
Your spell library contained the following spells:

 Spells                   Type           Power      Damage    Failure   Level
 Call Canine Familiar     Summ           0%         N/A       100%        3
 Portal Projectile        Hex/Tloc       0%         N/A       100%        3
 Leda's Liquefaction      Hex/Erth       0%         N/A       100%        4


Dungeon Overview and Level Annotations

Branches:
Dungeon (4/15)
 Temple: D:4-7

Altars:


Innate Abilities, Weirdness & Mutations

You are partially covered in thin metallic scales. (AC +2)
You regenerate a little health from kills.


Message History

You kill the endoplasm!
Lugonu accepts your kill.
A goblin comes into view. It is wielding a +0 club.
The goblin shouts!
The goblin hits you with a +0 club. The goblin hits you but does no damage.
You hit the goblin.
You kill the goblin!
Lugonu accepts your kill.
An ogre comes into view. It is wielding a +0 giant club.
The ogre shouts!
You see here 4 gold pieces.
You hit the ogre.
The ogre is lightly wounded.
The ogre closely misses you.
You hit the ogre.
The ogre is lightly wounded.
You barely miss the ogre.
The ogre is lightly wounded.
The ogre barely misses you.
You closely miss the ogre.
The ogre is lightly wounded.
The ogre barely misses you.
You hit the ogre.
The ogre is moderately wounded.
The ogre hits you with a +0 giant club!
You completely miss the ogre.
The ogre is moderately wounded.
You hit the ogre but do no damage.
The ogre is moderately wounded.
The ogre hits you with a +0 giant club!
You barely miss the ogre.
The ogre is moderately wounded.
The ogre hits you with a +0 giant club!
* * * LOW HITPOINT WARNING * * *
The ogre completely misses you. The ogre attacks as you move away!
The ogre hits you with a +0 giant club!!
Ouch! That really hurt!
You die...

##.## #........# #.#
##.....### #.# ##...##
#.# ##.## #.# #.# #.#
#.# #######.# #'
#.......# #.....@.#
##.....## #.....O.##
##.......##
#........####.........#
#...........'.........+
#.....).[####.........#
#...$...## #.......#
####.#### #.....# #.#
#...# #.# ##'##


You could see an ogre.

Vanquished Creatures
  A necrophage (D:4)
  A hound (D:4)
  5 adders
  2 worms
  3 dart slugs
  12 orcs
  5 bats
  8 endoplasms
  4 giant cockroaches
  8 goblins
  4 hobgoblins
  6 jackals
  2 quokkas (D:1)
  9 ball pythons
  3 frilled lizards
  7 kobolds
  7 rats
87 creatures vanquished.

Vanquished Creatures (others)
  4 fungi (D:2)
  A plant (D:2)
5 creatures vanquished.

Grand Total: 92 creatures vanquished

Notes
Turn   | Place    | Note
-------+----------+-------------------------------------------
     0 | Abyss:1  | raincastle the Demonspawn Abyssal Knight began the quest
                  | for the Orb.
     0 | Abyss:1  | Reached XP level 1. HP: 18/18 MP: 2/2
     1 | D:1      | Escaped the Abyss
    23 | D:1      | Reached skill level 1 in Dodging
   415 | D:1      | Gained mutation: You regenerate a little health from kills.
                  | [demonic ancestry]
   415 | D:1      | Reached XP level 2. HP: 11/24 MP: 3/3
  1370 | D:1      | Gained mutation: You are partially covered in thin metallic
                  | scales. (AC +2) [demonic ancestry]
  1370 | D:1      | Reached XP level 3. HP: 12/29 MP: 4/4
  1794 | D:2      | Reached *** piety under Lugonu
  1989 | D:2      | Found a faded altar of an unknown god.
  2930 | D:3      | Reached skill level 3 in Invocations
  2930 | D:3      | Reached XP level 4. HP: 32/35 MP: 6/6
  3170 | D:3      | You fall into a shaft and drop 1 floor!
  3761 | D:3      | HP: 1/36 [orc/+0 hand axe (3)]
  3793 | D:4      | Noticed a necrophage
  3805 | D:4      | Killed a necrophage
  3806 | D:4      | Reached skill level 4 in Invocations
  3806 | D:4      | Reached XP level 5. HP: 6/42 MP: 6/8
  4382 | D:3      | Reached **** piety under Lugonu
  5117 | D:4      | Noticed an ogre
  5134 | D:4      | Demolished by an ogre

Illustrated notes

Levels and vault maps discovered:
D:1:      dpeg_arrival_fog, layout_loops_ring
D:2:      layout_rooms, serial_rivers, chequers_serial_rivers_micro_c,
          chequers_serial_rivers_micro_e, chequers_serial_rivers_micro_d,
          chequers_serial_rivers_micro_c, chequers_serial_rivers_large_b,
          basic_altar, shapermc_ecumenical_altar_mp_urbaneastern
D:3:      layout_rooms, st_stairs_2, grunt_ministairs_11
D:4:      layout_loops_corners, nicolae_overflow_hidden_temple,
          small_statue_intersection, minmay_liquid_box, st_stairs_3

Skill      XL: |  1  2  3  4  5 |
---------------+----------------+-----
Dodging        | 1 2 |  2.0
Axes           | 2 3 |  3.4
Armour         | 2 |  2.3
Invocations    | 3 4 |  4.4
Fighting       | |  3.9
Stealth        | |  0.7

Action                   |  1- 3 |  4- 6 || total
-------------------------+-------+-------++-------
Melee: Hand axe          |   146 |   169 ||   315
       Punch             |     1 |     2 ||     3
Invok: Bend Space        |    22 |       ||    22
  Use: Potion            |       |     1 ||     1
Armor: Leather armour    |    93 |    52 ||   145
       Skin              |       |    10 ||    10
       Chain mail        |       |    33 ||    33
Dodge: Dodged            |   146 |   108 ||   254
